 Dungeon Crawl Stone Soup version 0.21.0-24-g2553a3340b (webtiles) character file.

1533 GordonOverkill the Martial Artist (level 8, -2/54 HPs)
             Began as a Vampire Artificer on Jan 21, 2018.
             Slain by an orc warrior
             ... wielding a +0 war axe
              (10 damage)
             ... on level 7 of the Dungeon.
             The game lasted 00:13:40 (5698 turns).

GordonOverkill the Martial Artist (VpAr)            Turns: 5698, Time: 00:13:40

Health: -2/54      AC:  8    Str: 13    XL:     8   Next: 55%
Magic:  0/11       EV:  9    Int: 13    God:
Gold:   176        SH:  0    Dex: 15    Spells: 7/7 levels left

rFire    . . .     SeeInvis +   s - +1 short sword (drain)
rCold    . . .     Gourm    .   (no shield)
rNeg     + + .     Faith    .   t - +2 scale mail {rN+}
rPois    .         Spirit   +   (no helmet)
rElec    .         Reflect  .   (no cloak)
rCorr    .         Harm     .   (no gloves)
MR       +....                  (no boots)
Stlth    +.........             c - amulet of guardian spirit
HPRegen  0.38/turn              b - ring of positive energy
MPRegen  0.12/turn              p - ring of protection from magic

@: regenerating quickly
A: fangs 3, see invisible, unbreathing
a: no special abilities


You were on level 7 of the Dungeon.
You were full.

You visited 1 branch of the dungeon, and saw 7 of its levels.

You collected 176 gold pieces.

Inventory:

Hand Weapons
 a - a +0 short sword
 s - a +1 short sword of draining (weapon)
Armour
 t - a +2 scale mail of positive energy (worn)
 x - a +0 plate armour
Jewellery
 b - a ring of positive energy (left hand)
 c - an amulet of guardian spirit (around neck)
 p - a ring of protection from magic (right hand)
Wands
 d - a wand of enslavement (16)
Scrolls
 e - a scroll of identify
 h - a scroll of teleportation
 j - 6 scrolls of remove curse
 n - 2 scrolls of enchant armour
Potions
 f - 3 potions of curing
 i - 3 potions of cancellation
 q - 8 potions of blood
 w - a potion of magic
 z - a potion of ambrosia {unknown}
 A - 4 potions of lignification {unknown}


   Skills:
 + Level 1.3 Fighting
 - Level 2.2 Short Blades
 - Level 2.1 Dodging
 - Level 1.5 Stealth
 + Level 10.1 Unarmed Combat
 - Level 5.0 Evocations


You had 7 spell levels left.
You didn't know any spells.

Dungeon Overview and Level Annotations

Branches:
Dungeon (7/15)             Temple (0/1) D:6

Altars:
Ru
Uskayaw
Wu Jian


Innate Abilities, Weirdness & Mutations

Your natural rate of healing is unusually fast.
You have razor-sharp teeth.
You have supernaturally acute eyesight. (SInv)
You can survive without breathing.


Message History

The orc warrior hits you with a trident!!
The orc warrior hits you with a war axe!
An iguana comes into view.
There is a stone staircase leading down, spattered with blood here.
The iguana hisses angrily.
The orc warrior hits you with a trident!
* * * LOW HITPOINT WARNING * * *
You climb downwards.
There is a stone staircase leading up here.
The orc warrior hits you with a trident!
* * * LOW HITPOINT WARNING * * *
The orc warrior completely misses you.
Found 20 gold pieces.
Okay, then.
Okay, then.
Found 5 gold pieces, a papyrus book and a ration.
An adder comes into view.
The adder hisses angrily.
The orc warrior hits you with a war axe!
You die...

#.# # ... ###. #.#
...###### #.# .#
#..(...# #.##.#
#......###..#.##
#......o.......#
#.....o####.#..#
#.$..@...#<....#
#......#.#.....#
......#..$:#....#######
......#.##.#...>.......
#.... ... #############
#...S ... #%.. ....
#... .##..


You could see 2 orc warriors and an adder.

Vanquished Creatures
  Grinder (D:6)
  Edmund (D:5)
  A black bear (D:6)
  An ice beast (D:6)
  3 bullfrogs
  A wyvern zombie (D:7)
  3 howler monkeys
  A centaur zombie (D:5)
  3 crimson imps (D:5)
  A bullfrog skeleton (D:5)
  A jelly (D:6)
  2 centaur skeletons
  2 hounds (D:5)
  2 orc priests (D:6)
  3 worker ants
  7 adders
  10 oozes (D:1)
  2 worms
  3 dart slugs
  2 leopard geckos
  9 orcs
  5 giant cockroaches
  6 goblins
  7 hobgoblins
  10 jackals
  4 kobolds
  7 bats
  6 frilled lizards
  A jackal skeleton (D:5)
  6 rats
111 creatures vanquished.

Vanquished Creatures (collateral kills)
  A bullfrog (D:6)
  A howler monkey (D:6)
  A quokka (D:5)
3 creatures vanquished.

Vanquished Creatures (others)
  An adder (D:6)
  A worker ant (D:5)
  An orc (D:6)
  A giant cockroach (D:6)
4 creatures vanquished.

Grand Total: 118 creatures vanquished

Notes
Turn   | Place    | Note
-------+----------+-------------------------------------------
     0 | D:1      | GordonOverkill the Vampire Artificer began the quest for the Orb.
     0 | D:1      | Reached XP level 1. HP: 14/14 MP: 2/2
     1 | D:1      | Found a runed door.
   105 | D:1      | Reached XP level 2. HP: 13/20 MP: 4/4
   866 | D:1      | Reached skill level 1 in Unarmed Combat
   869 | D:1      | Reached XP level 3. HP: 25/25 MP: 5/5
   919 | D:1      | Reached skill level 2 in Unarmed Combat
   925 | D:1      | Reached XP level 4. HP: 10/31 MP: 6/6
  1979 | D:3      | Reached skill level 3 in Unarmed Combat
  2046 | D:3      | Reached XP level 5. HP: 35/36 MP: 6/8
  2569 | D:3      | Reached skill level 4 in Unarmed Combat
  3161 | D:4      | Found an ornate altar of the Wu Jian Council.
  3164 | D:4      | Found a hide-covered altar of Uskayaw.
  3401 | D:4      | Found a sacrificial altar of Ru.
  3475 | D:4      | Reached XP level 6. HP: 42/42 MP: 9/9
  3891 | D:5      | Entered Level 5 of the Dungeon
  3935 | D:5      | Reached skill level 5 in Unarmed Combat
  4000 | D:5      | Noticed Edmund
  4036 | D:5      | Killed Edmund
  4086 | D:5      | Reached XP level 7. HP: 37/47 MP: 10/10
  4089 | D:5      | Reached skill level 6 in Unarmed Combat
  4239 | D:5      | Reached skill level 5 in Evocations
  4654 | D:5      | Reached skill level 7 in Unarmed Combat
  4987 | D:6      | Reached skill level 8 in Unarmed Combat
  5087 | D:6      | Reached XP level 8. HP: 40/53 MP: 11/11
  5217 | D:6      | Reached skill level 9 in Unarmed Combat
  5467 | D:6      | Noticed Grinder
  5492 | D:6      | Killed Grinder
  5514 | D:6      | Reached skill level 10 in Unarmed Combat
  5575 | D:7      | Reached skill level 1 in Fighting
  5698 | D:7      | Slain by an orc warrior

Skill      XL: |  1  2  3  4  5  6  7  8 |
---------------+-------------------------+-----
Short Blades   | 2 |  2.2
Evocations     | 3 4 5 |  5.0
Unarmed Combat | 1 2 3 4 5 8 10 | 10.1
Fighting       | 1 |  1.3
Dodging        | |  2.1
Stealth        | |  1.5

Action                   |  1- 3 |  4- 6 |  7- 9 || total
-------------------------+-------+-------+-------++-------
Melee: Short sword       |   128 |   227 |   293 ||   648
       Bite              |    15 |    27 |    37 ||    79
       Punch             |     1 |     6 |    12 ||    19
Evoke: Wand              |       |    29 |    13 ||    42
  Use: Potion            |     8 |    23 |    11 ||    42
       Scroll            |       |       |    11 ||    11
 Stab: Sleeping          |     1 |       |       ||     1
       Paralysed         |       |     1 |       ||     1
Armor: Leather armour    |     5 |       |       ||     5
       Ring mail         |    32 |    47 |       ||    79
       Scale mail        |       |    37 |   130 ||   167
Dodge: Dodged            |    68 |   132 |   143 ||   343
